 Dungeon Crawl Stone Soup version 0.18-a0-1570-gf60b0ab (webtiles) character file.

46 Ratboiler the Skirmisher (level 3, 0/19 HPs)
             Began as a Vine Stalker Wanderer on Mar 14, 2016.
             Slain by a goblin
             ... wielding a cursed +0 club
              (1 damage)
             ... on level 2 of the Dungeon.
             The game lasted 00:02:38 (1151 turns).

Ratboiler the Skirmisher (Vine Stalker Wanderer)    Turns: 1151, Time: 00:02:38

Health: 0/19       AC:  3    Str: 12    XL:     3   Next: 66%
Magic:  0/4        EV: 12    Int: 14    God:
Gold:   95         SH:  0    Dex: 14    Spells: 0 memorised, 2 levels left

rFire  . . .     SeeInvis .     a - +3 whip
rCold  . . .     Gourm    .     d - +0 robe
rNeg   . . .     Faith    .     (no shield)
rPois  .         Spirit   +     (no helmet)
rElec  .         Dismiss  .     (no cloak)
rCorr  .         Reflect  .     k - +0 pair of gloves
SustAt .         Harm     .     (no boots)
MR     .....                    (no amulet)
Stlth  ++........               (no ring)
                                (no ring)

@: not resistant to hostile enchantments, unstealthy
A: fangs 2, regeneration 1, magic shield, antimagic bite, no device heal 3, rot
immunity
a: no special abilities


You were on level 2 of the Dungeon.
You were not hungry.

You visited 1 branch of the dungeon, and saw 2 of its levels.

You collected 95 gold pieces.

Inventory:

Hand Weapons
 a - a +3 whip (weapon)
Missiles
 e - 21 poisoned needles
Armour
 d - a +0 robe (worn)
 k - a +0 pair of gloves (worn)
Scrolls
 c - a scroll of immolation {unknown}
 g - a scroll of random uselessness {unknown}
 h - a scroll of blinking {unknown}
 i - 3 scrolls of remove curse {unknown}
 l - a scroll of enchant armour {unknown}
Potions
 b - a potion of haste
 m - a potion of resistance {unknown}
 o - a potion of ambrosia {unknown}
 p - a potion of mutation {unknown}
Comestibles
 j - a royal jelly


   Skills:
 - Level 2.6 Fighting
   Level 1.6 Long Blades
 * Level 2.4 Maces & Flails
 - Level 1.0 Dodging
 - Level 1.2 Stealth
   Level 2.0 Charms
   Level 1.0 Ice Magic
   Level 1.0 Evocations


You had 2 spell levels left.
You didn't know any spells.

Dungeon Overview and Level Annotations

Branches:
Dungeon (2/15)

Altars:


Innate Abilities, Weirdness & Mutations

You have extremely sharp teeth.
Your natural rate of healing is unusually fast.
When hurt, damage is shared between your health and your magic reserves.
Your bite disrupts and absorbs the magic of your enemies.
Potions and wands cannot restore your health.
You are immune to rotting.


Message History

The kobold closely misses you.
You swing at nothing.
The goblin completely misses you. The kobold hits you but does no damage.
You swing at nothing.
The goblin closely misses you. The kobold closely misses you.
You swing at nothing.
The goblin closely misses you. The kobold closely misses you.
You swing at nothing.
The goblin hits you with a club.
* * * LOW HITPOINT WARNING * * *
The kobold misses you.
You swing at nothing.
The goblin misses you. The kobold hits you but does no damage.
You swing at nothing.
The goblin hits you with a club.
* * * LOW HITPOINT WARNING * * *
The kobold barely misses you.
You swing at nothing.
The goblin hits you with a club.
* * * LOW HITPOINT WARNING * * *
The kobold closely misses you.
You swing at nothing.
The goblin hits you with a club.
You die...

#....# ... #... #..###
#.# #... #..# .# #####
#.)### ###.# +....
#....# #... #.###
#....### ###.# #
###....# #...######..
#.###
####.###....K...'..
#.... #.......@g..#
#+### ##..........#
#.... ##.........#
#####
#.........#############
#.........+..#.........
#.........##)#.#####...
############'#.# #...
.......).......# #...
...............#####...


You could see a goblin and a kobold.

Vanquished Creatures
  Ijyb (D:2)
  A worm (D:2)
  A giant cockroach (D:1)
  3 goblins
  3 hobgoblins
  3 bats
  3 kobolds
  5 rats
20 creatures vanquished.

Notes
Turn   | Place    | Note
--------------------------------------------------------------
     0 | D:1      | Ratboiler the Vine Stalker Wanderer began the quest for the Orb.
     0 | D:1      | Ratboiler set off with: a +2 dagger, a potion of haste, a +0 falchion, a +0 robe, a bread ration
     0 | D:1      | Reached XP level 1. HP: 11/11 MP: 2/2
   498 | D:1      | Reached XP level 2. HP: 11/16 MP: 1/3
   583 | D:1      | Reached skill level 1 in Maces & Flails
   997 | D:2      | Noticed Ijyb
  1018 | D:2      | Killed Ijyb
  1018 | D:2      | Reached XP level 3. HP: 13/19 MP: 2/4
  1151 | D:2      | Slain by a goblin

Vault maps used:
D:1:      dpeg_arrival_short_road
D:2:      minmay_misc_feat_encased, minmay_quantized, uniq_iyjb

Skill      XL: |  1  2 |
---------------+-------+-----
Maces & Flails | 2 |  2.4
Fighting       | |  2.6
Long Blades    | |  1.6
Dodging        | |  1.0
Stealth        | |  1.2
Charms         | |  2.0
Ice Magic      | |  1.0
Evocations     | |  1.0

Action                   || total
-------------------------++-------
Melee: Dagger            ||    12
       Whip              ||    45
 Stab: Sleeping          ||     2
  Eat: Bread ration      ||     1
